 Dungeon Crawl Stone Soup version 0.24.1-14-gf8d2b509d9 (webtiles) character file.

Game seed: 6857880981637722467, levelgen mode: deterministic

241985 Malcontent the Carver (level 19, -2/157 HPs)
             Began as a Naga Fire Elementalist on Feb 6, 2021.
             Killed from afar by a raiju (6 damage)
             ... with a living lightning
             ... on level 4 of the Abyss on Feb 7, 2021.
             The game lasted 02:50:50 (45788 turns).

Malcontent the Carver (Naga Fire Elementalist)     Turns: 45788, Time: 02:50:51

Health: -2/157     AC: 24    Str:  9      XL:     19   Next: 37%
Magic:  3/44       EV: 16    Int: 29      God:
Gold:   677        SH: 17    Dex: 11 (15) Spells: 14/42 levels left

rFire    . . .     SeeInvis +   h - +4 double sword (elec)
rCold    . . .     Gourm    .   Y - +5 shield {reflect}
rNeg     + . .     Faith    .   v - +1 leather armour of Umpuseumn {Int+2}
rPois    +         Spirit   .   Q - +2 helmet
rElec    +         Reflect  +   H - +2 cloak
rCorr    .         Harm     .   M - +2 pair of gloves "Antism" {rN+ Dex+4}
MR       ++...     Rnd*Rage +   C - +0 naga barding of the Shore {rElec Regen+}
Stlth    +++.......             z - +2 amulet of reflection
HPRegen  0.76/turn              W - ring of magical power
MPRegen  0.29/turn              m - ring of Pimeaddo {EV+6 Int+9, =R}

@: berserk cooldown, slowed, very slow
A: large, see invisible, [berserk 2], deformed body, [deterioration 2], [dopey
2], [frail 1], poison resistance, slowness 2, slow metabolism 1, spit poison 1,
[weak 2], [no potion heal 2], constrict 1, AC +6
}: 2/15 runes: serpentine, barnacled
a: Spit Poison


You were on level 4 of the Abyss.
You were very hungry.

You visited 5 branches of the dungeon, and saw 31 of its levels.
You visited the Abyss 1 time.
You also visited: Sewer.

You collected 2959 gold pieces.
You spent 2282 gold pieces at shops.


Innate Abilities, Weirdness & Mutations

You cannot wear boots.
Your serpentine skin is tough. (AC +6)
You have supernaturally acute eyesight. (SInv)
Armour fits poorly on your strangely shaped body.
Your system is resistant to poisons. (rPois)
You cover ground very slowly.
You have a slow metabolism.
You can spit poison.
You can use your snake-like lower body to constrict enemies.
[You often lose your temper in combat.]
[Your body often deteriorates upon taking damage.]
[You are very dopey. (Int -4)]
[You are frail. (-10% HP)]
[You are very weak. (Str -4)]
[Potions are poor at restoring your health.]


   Skills:
 - Level 12.0 Fighting
 * Level 12.9 Long Blades
 - Level 5.0 Armour
 - Level 7.3 Dodging
 - Level 8.1 Stealth
 - Level 9.0 Shields
 - Level 12.0 Spellcasting
 - Level 12.0 Conjurations
 - Level 12.0 Fire Magic
 - Level 12.0 Ice Magic
 + Level 10.7 Air Magic


You had 14 spell levels left.
You knew the following spells:

 Your Spells              Type           Power        Failure   Level  Hunger
a - Apportation           Tloc           ###...       4%          1    None
b - Fireball              Conj/Fire      ######....   1%          5    ##.....
c - Conjure Flame         Conj/Fire      ######..     1%          3    None
f - Throw Flame           Conj/Fire      ######       1%          2    None
g - Freezing Cloud        Conj/Ice/Air   ######....   5%          6    #####..
o - Confusing Touch       Hex            ###...       4%          1    None
w - Throw Icicle          Conj/Ice       ######..     1%          4    None
y - Sticky Flame          Conj/Fire      ######..     1%          4    None
I - Blink                 Tloc           N/A          6%          2    None

Your spell library contained the following spells:

 Spells                   Type           Power        Failure   Level  Hunger
 Flame Tongue             Conj/Fire      #####        1%          1    None
 Freeze                   Ice            ####         1%          1    None
 Magic Dart               Conj           ####         1%          1    None
 Sting                    Conj/Pois      ####         1%          1    None
 Ensorcelled Hibernation  Hex/Ice        ######       1%          2    None
 Throw Frost              Conj/Ice       ######       1%          2    None
 Inner Flame              Hex/Fire       ######..     1%          3    None
 Mephitic Cloud           Conj/Pois/Air  ######..     1%          3    None
 Ozocubu's Armour         Chrm/Ice       ######..     1%          3    None
 Summon Ice Beast         Ice/Summ       ######..     3%          4    None
 Animate Skeleton         Necr           N/A          4%          1    None
 Summon Small Mammal      Summ           ###.         4%          1    None
 Call Imp                 Summ           ###.....     6%          2    None
 Slow                     Hex            ###.....     6%          2    None
 Iskenderun's Battlesphe  Conj/Chrm      ######..     10%         5    ##.....
 Metabolic Englaciation   Hex/Ice        ######....   10%         5    ##.....
 Venom Bolt               Conj/Pois      ######....   10%         5    ##.....
 Confuse                  Hex            ###.....     12%         3    None
 Gell's Gravitas          Tloc           ###.......   12%         3    None
 Recall                   Summ/Tloc      N/A          12%         3    None
 Spectral Weapon          Hex/Chrm       ###.....     12%         3    None
 Animate Dead             Necr           N/A          36%         4    None
 Cause Fear               Hex            ###.......   36%         4    None
 Petrify                  Tmut/Erth      ###.....     36%         4    None
 Iron Shot                Conj/Erth      ######....   45%         6    #####..
 Simulacrum               Ice/Necr       ######....   45%         6    #####..
 Borgnjor's Vile Clutch   Necr/Erth      ###.......   73%         5    ##.....
 Summon Mana Viper        Hex/Summ       ###.....     73%         5    ##.....
 Yara's Violent Unravell  Hex/Tmut       ###.......   73%         5    ##.....
 Death Channel            Necr           ###.......   99%         6    #####..

Inventory:

Hand Weapons
 h - a +4 double sword of electrocution (weapon)
 K - the +9 falchion of Ascent {venom, Str+5 Int+3}
   (You found it on level 4 of the Shoals)

   It poisons the flesh of those it strikes.
   It affects your strength (+5).
   It affects your intelligence (+3).
 S - the +1 spear of Ykiak {flame, rF+}
   (You found it on level 6 of the Lair of Beasts)

   It has been specially enchanted to burn those struck by it, causing extra
   injury to most foes and up to half again as much damage against particularly
   susceptible opponents.
   It protects you from fire.
Missiles
 e - 21 javelins (quivered)
 G - 5 throwing nets {=f}
Armour
 f - the cursed +0 cloak "Tylef" {rF+, unknown}
   (You found it on level 2 of the Abyss)

   It protects you from fire.
   It has a curse placed upon it.
 j - the cursed +0 leather armour of the Stag {Str+6, unknown}
   (You found it on level 4 of the Abyss)

   It affects your strength (+6).
   It has a curse placed upon it.
 v - the +1 leather armour of Umpuseumn (worn) {Int+2}
   (You found it on level 5 of the Lair of Beasts)

   It affects your intelligence (+2).
 C - the +0 naga barding of the Shore (worn) {rElec Regen+}
   (You acquired it on level 3 of the Lair of Beasts)

   It insulates you from electricity.
   It increases your rate of regeneration.
 H - a +2 cloak (worn)
 M - the +2 pair of gloves "Antism" (worn) {rN+ Dex+4}
   (You found it on level 6 of the Lair of Beasts)

   It affects your dexterity (+4).
   It protects you from negative energy.
 Q - a +2 helmet (worn)
 Y - a +5 shield of reflection (worn)
Jewellery
 m - the ring of Pimeaddo (right hand) {EV+6 Int+9, =R}
   (You bought it in a shop on level 8 of the Dungeon)

   [ring of evasion]

   It affects your evasion (+6).
   It affects your intelligence (+9).
 z - a +2 amulet of reflection (around neck)
 F - an uncursed ring of protection from fire
 R - an uncursed ring of resist corrosion
 W - a ring of magical power (left hand)
Wands
 g - a wand of enslavement (14)
 x - a wand of digging (8)
 J - a wand of paralysis (23)
 N - a wand of acid (9)
 T - a wand of disintegration (29)
 U - a wand of iceblast (9)
 X - a wand of polymorph (34)
Scrolls
 a - 4 scrolls of immolation {!r}
 l - a scroll of fear
 n - a scroll of fog
 u - 2 scrolls of magic mapping
 w - 8 scrolls of teleportation {@r4}
 B - 3 scrolls of blinking
 L - 4 scrolls of vulnerability {!r}
 V - a scroll of summoning
Potions
 b - a potion of resistance
 d - 19 potions of curing {@q1}
 i - 4 potions of cancellation
 k - 4 potions of magic
 o - 4 potions of berserk rage {!q}
 p - 4 potions of flight
 r - 9 potions of heal wounds {@q2}
 s - 3 potions of might
 y - 2 potions of ambrosia
 A - 3 potions of agility
 D - 2 potions of invisibility
 I - 5 potions of brilliance
 O - 5 potions of haste {@q3}
 P - 2 potions of mutation {!q}
Miscellaneous
 q - a box of beasts
 t - a fan of gales
Comestibles
 c - 31 rations {@e1}

Dungeon Overview and Level Annotations

Branches:
Dungeon (15/15)            Temple (0/1) D:4            Lair (6/6) D:11
 Shoals (4/4) Lair:4        Snake (4/4) Lair:2        Slime (0/5) Lair:6
    Orc (2/2) D:10            Elf (0/3) Orc:2        Vaults (0/5) D:14
  Sewer (visited)
 Depths: D:15

Altars:
Ashenzari
Cheibriados
Elyvilon
Fedhas
Gozag
Hepliaklqana
Makhleb
Nemelex Xobeh
Okawaru
Qazlal
Sif Muna
Trog
Xom
Beogh

Shops:
D:7 (   D:8 *=*   Orc:2 *:!=   Shoals:3 ?[   Snake:3 !   Snake:4 (

Annotations:
D:3 3 runed translucent doors, 420StarChild's ghost, weakling DDWz; gamerdudes's ghost, amateur DsBe
D:4 3 runed translucent doors, cstieg1's ghost, amateur TeCj
D:7 2 runed translucent doors, exclusion: orange crystal statue
D:12 exclusion: downstairs
Lair:1 2 transporters, Keadol's ghost, journeyman DrCj
Snake:2 Asterion
Orc:2 exclusion: door

▒. ▓.## .
.▒ . ... #░
. ▒▒ ...#▓
.# .▒▒▒'
░.▒..▒
▓#...... ▒
.
#.#▒c.t..∩.
▓#..(#
▒xm▒.#
#h)✱#▓
▒...▒h@#
▒....▒###░
.░▒▒. . .


You could see a merfolk javelineer, an ancient zyme (wandering), 2 raiju and a
lurking horror.


Message History

You block the merfolk javelineer's attack.
The satyr shoots a sling bullet.
The sling bullet hits you.
* * * LOW HITPOINT WARNING * * *
You block the merfolk javelineer's attack.
A satyr comes into view. It is wielding a +0 club.
The satyr shoots a sling bullet.
The sling bullet closely misses you.
The merfolk javelineer throws a javelin.
The javelin pierces through you!!
* * * LOW HITPOINT WARNING * * *
You feel yourself growing ill in the presence of the ancient zyme.
The merfolk javelineer throws a javelin.
The javelin barely misses you.
The satyr shoots a sling bullet.
You reflect the sling bullet off your +5 shield of reflection!
The sling bullet hits the satyr!!!
The satyr dies!
A lurking horror comes into view.
Things that are here:
a sling bullet; a raiju corpse Your system partially rejects the healing.
You feel much better.
The merfolk javelineer throws a javelin.
The javelin pierces through you!
* * * LOW HITPOINT WARNING * * *
Your body deteriorates!
You feel clumsy.
Unknown command.
Okay, then.
You block the merfolk javelineer's attack.
The raiju bursts into living lightning!
The living lightning hits you. You resist.
You die...

Skill      XL: |  1  2  3  4  5  6  7  8  9 10 11 12 13 14 15 16 17 18 19 |
---------------+----------------------------------------------------------+-----
Conjurations   | 2 3 4 5 6 8 9 11 12 | 12.0
Fighting       | 1 2 3 4 5 6 7 9 10 11 12 | 12.0
Stealth        | 4 5 6 7 8 |  8.1
Spellcasting   | 3 4 5 6 7 9 10 11 12 | 12.0
Fire Magic     | 4 5 6 7 8 10 11 12 | 12.0
Shields        | 1 3 4 6 8 9 |  9.0
Dodging        | 2 5 6 7 |  7.3
Armour         | 4 5 |  5.0
Ice Magic      | 5 9 11 12 | 12.0
Air Magic      | 4 6 8 9 10 | 10.7
Long Blades    | 3 6 8 11 12 | 12.9

Action                   |  1- 3 |  4- 6 |  7- 9 | 10-12 | 13-15 | 16-18 | 19-21 || total
-------------------------+-------+-------+-------+-------+-------+-------+-------++-------
Melee: Unarmed           |       |     9 |       |       |       |       |       ||     9
       Dagger            |       |       |    28 |   223 |   353 |       |       ||   604
       Constrict         |       |       |       |       |   132 |   169 |    42 ||   343
       Spear             |       |       |       |       |   123 |       |       ||   123
       Double sword      |       |       |       |       |   120 |   657 |   296 ||  1073
 Cast: Flame Tongue      |    32 |   101 |   229 |   209 |       |       |       ||   571
       Throw Flame       |       |       |     5 |   207 |   329 |    21 |       ||   562
       Sticky Flame      |       |       |    10 |    66 |   177 |   110 |    14 ||   377
       Confusing Touch   |       |       |     2 |    10 |     3 |       |       ||    15
       Conjure Flame     |       |       |     2 |    22 |    18 |       |       ||    42
       Fireball          |       |       |       |    21 |    51 |   169 |     9 ||   250
       Throw Icicle      |       |       |       |       |    18 |    52 |     6 ||    76
       Blink             |       |       |       |       |     2 |     2 |     2 ||     6
       Freezing Cloud    |       |       |       |       |       |     7 |     1 ||     8
 Abil: Spit Poison       |    24 |    29 |    65 |    91 |    32 |     1 |       ||   242
Evoke: Wand              |       |       |       |     6 |     7 |       |     2 ||    15
  Use: Potion            |       |     3 |       |       |     1 |     5 |     4 ||    13
       Scroll            |       |       |       |    21 |    19 |     8 |     3 ||    51
 Stab: Sleeping          |       |     1 |     3 |     2 |     6 |     3 |     8 ||    23
       Confused          |       |       |     1 |     3 |       |       |       ||     4
       Paralysed         |       |       |       |     2 |       |       |       ||     2
       Petrified         |       |       |       |       |       |     7 |       ||     7
  Eat: Chunk             |     2 |     8 |    17 |    32 |    38 |    10 |     3 ||   110
       Ration            |       |       |     1 |     2 |     5 |     6 |       ||    14
Armor: Robe              |     6 |    30 |    61 |    22 |       |       |       ||   119
       Troll leather arm |       |       |       |   144 |   126 |       |       ||   270
       Leather armour    |       |       |       |       |   219 |   361 |    71 ||   651
Dodge: Dodged            |    10 |    59 |   104 |   183 |   447 |   637 |   162 ||  1602
Block: Buckler           |       |       |       |   116 |   258 |   266 |       ||   640
       Reflection        |       |       |       |     8 |     7 |    60 |     5 ||    80
       Other             |       |       |       |     1 |       |       |       ||     1
       Shield            |       |       |       |       |       |   280 |   307 ||   587
       Rpst.: Double sword |       |       |       |       |    28 |   121 |    23 ||   172

Levels and vault maps discovered:
D:1:      roderic_octagonal_star, layout_basic, chequers_hall_statues_wall_a
D:2:      layout_rooms, lemuel_doored_altar
D:3:      layout_loops_ring, nicolae_qazlal_style_of_elements,
          cheibrodos_sewer_entry_sluice, gammafunk_ghost_cemetery, first_ration,
          wad_floor_pattern_1, minmay_misc_feat_doors, serial_bayou_pond_c
D:4:      layout_rooms, nicolae_overflow_crystal_walls, lemuel_round_altar,
          bloody_makhleb, minmay_temple_entry_proselytizer,
          gammafunk_ghost_necromancy, hangedman_decor_points
D:5:      layout_loops_ring, lemuel_crystal_altar, lemuel_crystal_altar
D:6:      layout_cave_pods, lemuel_round_altar, old_standard_altar,
          fedhas_altar_decomposition, grunt_gozag_statues, uniq_prince_ribbit1
D:7:      layout_rooms, lightli_temple_of_fire, serial_shops,
          nicolae_shop_stone, grunt_ogre_cave, chequers_serial_rivers_large_a,
          hangedman_abyss_or_decor_passed, chequers_guarded_unrand_ignorance
D:8:      layout_rooms, kennysheep_mini, serial_shops, nicolae_shop_trees, shop,
          nicolae_shop_behind_doors, patterned_corridor
D:9:      layout_roguey, nicolae_overflow_hidden_temple,
          ebering_dispersal_statue_hall, corexii_corridor_pit
D:10:     layout_loops_ring, orc_0_dummy
D:11:     minmay_mutant_horseshoe, layout_basic, lair_entry_dummy,
          xom_shifter_show
D:12:     layout_irregular_city, kennysheep_nub, grunt_decor_cap,
          onia_ninara_dug_in_and_dangerous
D:13:     layout_loops_ring, basic_altar, portal_ice_cave_rime,
          hangedman_decor_lopped, uniq_azrael
D:14:     layout_gridville, ximxim_vaults_locker_room,
          hellmonk_ghost_happy_afterlife, lemuel_tele_altar,
          einodemon_armed_red_devil_minivault, uniq_louise, uniq_josephine
D:15:     hangedman_depths_entry_civil_slaughter, layout_loops_ring,
          serial_bayou, serial_bayou_crossing, serial_bayou_pond_b,
          serial_bayou_pond_e, serial_bayou_lagoon_b,
          hellmonk_ghost_happy_afterlife
Lair:1:   layout_cave_pods, gammafunk_ghost_arena, beast_lair_carwin_7,
          uniq_gastronok
Lair:2:   layout_small_grid, dummy_snake_entry
Lair:3:   layout_roguey, minivault_19
Lair:4:   layout_regular_city, shoals_dummy_entry, lemuel_centaur_altar,
          infiniplex_staircase_pool_2, grunt_megastairs_4
Lair:5:   layout_regular_city, hibernation_bobbens
Lair:6:   evilmike_catoblepas_cave, layout_layer_cave, slime_dummy,
          grunt_megastairs_3, uniq_sonja
Shoals:1: layout_shoals, argonaut_gorgonesque, uniq_donald, uniq_nikola,
          uniq_jorgrun
Shoals:2: layout_shoals
Shoals:3: layout_shoals, serial_shops, nicolae_shop_stone, shop
Shoals:4: shoals_end_simple, layout_shoals, uniq_polyphemus
Snake:1:  layout_basic, st_stairs_5
Snake:2:  layout_layer_cave, uniq_asterion
Snake:3:  layout_layer_cave, serial_shops, shop_statue
Snake:4:  grunt_snake_rune_spirals, layout_onion, serial_shops,
          nicolae_shop_trees, grunt_ministairs_12
Orc:1:    layout_caves, serial_shops, shop, nooodl_orcs_dogs
Orc:2:    pubby_orc_utopia
Abyss:4:  base: D:7, hangedman_abyss_or_decor_jellyfish_corner,
          evilmike_abyss_rune_siren_acolytes, minivault_27,
          guppyfry_abyss_exit_glass_guarded,
          due_evilmike_abyss_rune_seething_liches, hangedman_summoners_spam,
          evilmike_abyss_rune_ettins, minivault_5,
          nicolae_abyss_rune_left_handed

Notes
Turn   | Place    | Note
-------+----------+-------------------------------------------
     0 | D:1      | Malcontent the Naga Fire Elementalist began the quest for
                  | the Orb.
     0 | D:1      | Reached XP level 1. HP: 15/15 MP: 3/3
    67 | D:1      | Reached XP level 2. HP: 10/22 MP: 0/5
   555 | D:1      | Reached XP level 3. HP: 30/30 MP: 4/6
   559 | D:1      | Learned a level 2 spell: Throw Flame
   563 | D:1      | Learned a level 3 spell: Conjure Flame
   858 | D:1      | Reached skill level 2 in Conjurations
  1340 | D:2      | Reached skill level 1 in Fighting
  1340 | D:2      | Reached XP level 4. HP: 36/38 MP: 3/7
  1406 | D:2      | Reached skill level 4 in Stealth
  2099 | D:2      | Found a shimmering blue altar of Sif Muna.
  2466 | D:3      | Reached skill level 3 in Conjurations
  2466 | D:3      | Reached XP level 5. HP: 17/44 MP: 0/8
  2470 | D:3      | Noticed a centaur
  2554 | D:3      | Found a glowing drain.
  2813 | Sewer    | Entered a sewer
  2965 | Sewer    | Noticed a big kobold
  2975 | Sewer    | Killed a big kobold
  2975 | Sewer    | Reached XP level 6. HP: 27/52 MP: 6/10
  3210 | Sewer    | Reached skill level 2 in Fighting
  3244 | Sewer    | Reached skill level 5 in Stealth
  3258 | Sewer    | Reached skill level 3 in Spellcasting
  3258 | Sewer    | Reached skill level 4 in Fire Magic
  3510 | D:3      | HP: 2/52 [centaur (7)]
  3517 | D:3      | Reached skill level 4 in Conjurations
  3517 | D:3      | Reached XP level 7. HP: 9/61 MP: 4/11
  4017 | D:3      | Learned a level 4 spell: Sticky Flame
  4153 | D:3      | Found a runed translucent gate.
  4153 | D:3      | Found a runed translucent gate.
  4153 | D:3      | Found a runed translucent gate.
  4154 | D:3      | Noticed gamerdudes's ghost (amateur DsBe)
  4155 | D:3      | Noticed 420StarChild's ghost (weakling DDWz)
  4291 | D:3      | Noticed a fire elemental
  4292 | D:3      | Found a stormy altar of Qazlal.
  4293 | D:3      | Noticed an air elemental
  4294 | D:3      | Noticed a water elemental
  4762 | D:4      | Found a shimmering altar of Xom.
  4788 | D:4      | Found a burning altar of Makhleb.
  4924 | D:4      | Found a runed translucent gate.
  4924 | D:4      | Found a runed translucent gate.
  4924 | D:4      | Found a runed translucent gate.
  4925 | D:4      | Noticed cstieg1's ghost (amateur TeCj)
  4963 | D:4      | Found a white marble altar of Elyvilon.
  5044 | D:4      | Found a staircase to the Ecumenical Temple.
  5185 | D:5      | Entered Level 5 of the Dungeon
  5288 | D:5      | Found a sparkling altar of Nemelex Xobeh.
  5300 | D:5      | Reached skill level 3 in Fighting
  5300 | D:5      | Reached skill level 6 in Stealth
  5303 | D:5      | Learned a level 1 spell: Confusing Touch
  5486 | D:5      | Reached skill level 5 in Conjurations
  5582 | D:5      | Reached XP level 8. HP: 68/69 MP: 9/13
  5834 | D:5      | Found a snail-covered altar of Cheibriados.
  6060 | D:6      | Found a shattered altar of Ashenzari.
  6136 | D:6      | Reached skill level 4 in Spellcasting
  6289 | D:6      | Reached skill level 5 in Fire Magic
  6346 | D:6      | Noticed Prince Ribbit
  6359 | D:6      | Killed Prince Ribbit
  6359 | D:6      | Reached skill level 7 in Stealth
  6359 | D:6      | Reached skill level 6 in Conjurations
  6677 | D:6      | Found a blossoming altar of Fedhas.
  6705 | D:6      | Reached skill level 4 in Fighting
  6921 | D:6      | Reached XP level 9. HP: 72/78 MP: 10/15
  7008 | D:6      | Found an opulent altar of Gozag.
  7038 | D:6      | Found an opulent altar of Gozag.
  7742 | D:7      | Found a bloodstained altar of Trog.
  7749 | D:7      | Reached skill level 8 in Stealth
  7936 | D:7      | Found Tuzics's Weapon Shoppe.
  7969 | D:7      | Reached skill level 7 in Conjurations
  8015 | D:7      | Found a runed translucent door.
  8019 | D:7      | Found the +10 large shield of Ignorance {rN+ Int-4}
  8033 | D:7      | Found a runed translucent door.
  8033 | D:7      | Noticed an orange crystal statue
  8347 | D:7      | Reached skill level 5 in Spellcasting
  8678 | D:8      | Reached skill level 6 in Fire Magic
  8813 | D:8      | Found Xogam's General Store.
  8820 | D:8      | Identified the Almanac of Combat Magic
  8827 | D:8      | Found Xiextish's Assorted Antiques.
  8833 | D:8      | Found a hazy altar of Hepliaklqana.
  8842 | D:8      | Bought a yellow potion for 22 gold pieces
  8867 | D:8      | Reached skill level 5 in Fighting
  8978 | D:8      | Found Tyfay's Jewellery Emporium.
  9485 | D:9      | Reached skill level 8 in Conjurations
  9583 | D:9      | Got a faintly humming robe
  9664 | D:9      | Noticed a two-headed ogre
  9674 | D:9      | Killed a two-headed ogre
  9674 | D:9      | Reached XP level 10. HP: 66/91 MP: 8/18
  9793 | D:9      | Found an iron altar of Okawaru.
  9990 | D:9      | Learned a level 5 spell: Fireball
 10243 | D:9      | Reached skill level 6 in Fighting
 10424 | D:10     | Entered Level 10 of the Dungeon
 10463 | D:10     | Noticed a two-headed ogre
 10473 | D:10     | Killed a two-headed ogre
 10473 | D:10     | Reached skill level 6 in Spellcasting
 10473 | D:10     | Reached skill level 9 in Conjurations
 10473 | D:10     | Reached skill level 7 in Fire Magic
 10686 | D:10     | Noticed a purple ugly thing
 10695 | D:10     | Killed a purple ugly thing
 10909 | D:10     | Found a staircase to the Orcish Mines.
 11035 | D:10     | Noticed a manticore
 11073 | D:10     | Identified the cursed +0 robe of Ecwuolu {*Corrode Int+4}
                  | (You found it on level 9 of the Dungeon)
 11121 | D:10     | Killed a manticore
 11121 | D:10     | Reached skill level 1 in Shields
 11587 | D:10     | Reached XP level 11. HP: 99/99 MP: 17/20
 11587 | D:10     | Identified the +1 ring mail of the First Demons {-Tele
                  | rPois rF+++ rCorr}
 11713 | D:11     | Reached skill level 10 in Conjurations
 12001 | D:11     | Reached skill level 2 in Shields
 12179 | D:11     | Noticed a five-headed hydra
 12254 | D:11     | Found a shimmering altar of Xom.
 12254 | D:11     | Found a shimmering altar of Xom.
 12254 | D:11     | Found a shimmering altar of Xom.
 12254 | D:11     | Found a shimmering altar of Xom.
 12255 | D:11     | Found a shimmering altar of Xom.
 12262 | D:11     | Killed a five-headed hydra
 12262 | D:11     | Reached skill level 7 in Fighting
 12407 | D:11     | Noticed an orb spider
 12548 | D:11     | Reached skill level 8 in Fire Magic
 12607 | D:11     | Noticed a two-headed ogre
 12622 | D:11     | Killed a two-headed ogre
 12622 | D:11     | Reached skill level 3 in Shields
 12622 | D:11     | Reached skill level 7 in Spellcasting
 13019 | D:11     | Found a staircase to the Lair.
 13134 | D:11     | Noticed a tengu reaver
 13174 | Lair:1   | Entered Level 1 of the Lair of Beasts
 13277 | Lair:1   | Found a transporter.
 13278 | Lair:1   | Noticed Keadol's ghost (journeyman DrCj)
 13381 | Lair:1   | Reached skill level 11 in Conjurations
 13687 | Lair:1   | Noticed Gastronok
 13944 | Orc:1    | Entered Level 1 of the Orcish Mines
 14378 | Orc:1    | Reached XP level 12. HP: 75/110 MP: 2/23
 14684 | Orc:1    | Reached skill level 8 in Fighting
 15046 | Orc:2    | Entered Level 2 of the Orcish Mines
 15859 | Orc:2    | Reached skill level 9 in Fire Magic
 16012 | Orc:2    | Found a roughly hewn altar of Beogh.
 16112 | Orc:2    | Reached skill level 8 in Spellcasting
 16177 | Orc:2    | HP: 11/111 [orc knight/+0 halberd (23)]
 16369 | Orc:2    | Found Aseivak's Book Emporium.
 16471 | Orc:2    | Found Deoddikeko's Assorted Antiques.
 16480 | Orc:2    | Reached skill level 12 in Conjurations
 16494 | Orc:2    | Bought a scroll labeled SUGODO LECW for 33 gold pieces
 16494 | Orc:2    | Bought a scroll labeled NUESEU JEVECKE for 33 gold pieces
 17016 | Orc:2    | Noticed an orc high priest
 17031 | Orc:2    | Killed an orc high priest
 17360 | Orc:2    | Reached skill level 9 in Fighting
 17480 | Orc:2    | Noticed an orc warlord
 17631 | Orc:2    | Paralysed by an orc sorcerer for 2 turns
 17637 | Orc:2    | Reached skill level 2 in Dodging
 17954 | Orc:2    | Found a staircase to the Elven Halls.
 18466 | Orc:2    | Noticed an orc warlord
 18577 | Orc:2    | Killed an orc warlord
 18577 | Orc:2    | Reached skill level 9 in Spellcasting
 18577 | Orc:2    | Reached skill level 10 in Fire Magic
 18577 | Orc:2    | Gained mutation: You can use your snake-like lower body to
                  | constrict enemies. [Naga growth]
 18577 | Orc:2    | Reached XP level 13. HP: 72/121 MP: 0/26
 18730 | Orc:2    | Reached skill level 3 in Dodging
 19251 | Orc:2    | Found Fafag's Distillery.
 19271 | Orc:2    | Found a roughly hewn altar of Beogh.
 19446 | Orc:2    | Found Ucydobb's Jewellery Shoppe.
 19978 | Lair:1   | Killed Gastronok
 20121 | Lair:1   | Found a transporter.
 20309 | Lair:1   | Reached skill level 10 in Fighting
 20309 | Lair:1   | Reached skill level 4 in Dodging
 20703 | Lair:2   | Found a staircase to the Snake Pit.
 21781 | Lair:2   | Reached skill level 11 in Fire Magic
 22270 | Lair:3   | Reached skill level 10 in Spellcasting
 22561 | Lair:3   | Reached skill level 5 in Dodging
 23164 | Lair:3   | Identified a scroll of acquirement
 23167 | Lair:3   | Got a distressingly furry naga barding
 23173 | Lair:3   | Identified the +0 naga barding of the Shore {rElec Regen+}
                  | (You acquired it on level 3 of the Lair of Beasts)
 23484 | Lair:4   | Reached XP level 14. HP: 67/133 MP: 5/28
 23628 | Lair:4   | Reached skill level 1 in Armour
 23854 | Lair:4   | Found a burning altar of Makhleb.
 23940 | Lair:4   | Found a staircase to the Shoals.
 24801 | Lair:5   | Reached skill level 2 in Armour
 24851 | Lair:5   | Got a polished leather armour
 24862 | Lair:5   | Identified the +1 leather armour of Umpuseumn {Int+2} (You
                  | found it on level 5 of the Lair of Beasts)
 25472 | Lair:6   | Entered Level 6 of the Lair of Beasts
 25472 | Lair:6   | Noticed Sonja
 25473 | Lair:6   | Killed Sonja
 25473 | Lair:6   | Reached skill level 11 in Fighting
 26060 | Lair:6   | Found a staircase to the Slime Pits.
 26100 | Lair:6   | Reached skill level 6 in Dodging
 26199 | Lair:6   | Reached skill level 3 in Armour
 26717 | Lair:6   | HP: 9/135 [catoblepas (20)]
 27530 | Lair:6   | Reached skill level 12 in Fire Magic
 27660 | Lair:6   | Reached skill level 11 in Spellcasting
 27781 | Lair:6   | Reached skill level 4 in Armour
 27989 | Lair:6   | Got a pair of transparent gloves
 27998 | Lair:6   | Got a jewelled spear
 28009 | Lair:6   | Identified the +2 pair of gloves "Antism" {rN+ Dex+4} (You
                  | found it on level 6 of the Lair of Beasts)
 28010 | Lair:6   | Identified the +1 spear of Ykiak {flame, rF+} (You found it
                  | on level 6 of the Lair of Beasts)
 28232 | D:8      | Bought the ring of Pimeaddo {EV+6 Int+9} for 1335 gold
                  | pieces
 28428 | D:12     | Reached XP level 15. HP: 144/144 MP: 10/30
 29138 | D:12     | Reached skill level 7 in Dodging
 29152 | D:12     | Got a colourful robe
 29163 | D:12     | Identified the +1 robe of Urihuq Zeot {-Cast rN++ Int+4
                  | Dex-5} (You found it on level 12 of the Dungeon)
 29570 | D:13     | Noticed Azrael
 29580 | D:12     | Learned a level 6 spell: Freezing Cloud
 29585 | D:12     | Learned a level 4 spell: Throw Icicle
 29711 | Snake:1  | Entered Level 1 of the Snake Pit
 29745 | Snake:1  | Reached skill level 1 in Ice Magic
 29982 | Snake:1  | Reached skill level 1 in Air Magic
 30097 | Snake:1  | Learned a level 2 spell: Blink
 30099 | Snake:1  | Learned a level 1 spell: Apportation
 30152 | Snake:1  | Reached skill level 2 in Ice Magic
 30231 | Snake:1  | Reached skill level 12 in Fighting
 30894 | D:7      | Bought a +0 double sword of electrocution for 592 gold
                  | pieces
 31536 | Snake:2  | Reached skill level 2 in Air Magic
 31555 | Snake:2  | Reached skill level 5 in Armour
 31555 | Snake:2  | Reached skill level 3 in Ice Magic
 31827 | Snake:2  | Noticed Asterion
 31830 | Snake:2  | Reached skill level 1 in Long Blades
 31982 | Snake:3  | Noticed a nagaraja
 32002 | Snake:3  | Killed a nagaraja
 32304 | Snake:3  | Reached skill level 4 in Ice Magic
 32448 | Snake:3  | Found Laaw's Distillery.
 32459 | Snake:3  | Bought a potion of resistance for 140 gold pieces
 32529 | Snake:3  | Reached skill level 2 in Long Blades
 32529 | Snake:3  | Reached skill level 3 in Air Magic
 33230 | Snake:3  | Reached skill level 5 in Ice Magic
 33832 | Snake:4  | Entered Level 4 of the Snake Pit
 33855 | Snake:4  | Reached skill level 4 in Shields
 33862 | Snake:4  | Reached skill level 3 in Long Blades
 33954 | Snake:4  | Found Worop's Weapon Shop.
 34089 | Snake:4  | Reached skill level 4 in Air Magic
 34094 | Snake:4  | Reached XP level 16. HP: 120/152 MP: 31/31
 34285 | Snake:4  | Reached skill level 6 in Ice Magic
 34610 | Snake:4  | Reached skill level 4 in Long Blades
 34610 | Snake:4  | Reached skill level 12 in Spellcasting
 34687 | Snake:4  | Noticed a nagaraja
 34706 | Snake:4  | Killed a nagaraja
 34913 | Snake:4  | Reached skill level 7 in Ice Magic
 35113 | Snake:4  | Reached skill level 5 in Air Magic
 35230 | Snake:4  | Reached skill level 5 in Shields
 35398 | Snake:4  | Noticed a nagaraja
 35408 | Snake:4  | Killed a nagaraja
 35736 | Snake:4  | Reached skill level 5 in Long Blades
 35796 | Snake:4  | Noticed a nagaraja
 35799 | Snake:4  | Reached skill level 8 in Ice Magic
 35806 | Snake:4  | Killed a nagaraja
 36056 | Snake:4  | Noticed a nagaraja
 36066 | Snake:4  | Killed a nagaraja
 36066 | Snake:4  | Reached skill level 6 in Air Magic
 36219 | Snake:4  | Noticed a nagaraja
 36225 | Snake:4  | Killed a nagaraja
 36236 | Snake:4  | Reached skill level 9 in Ice Magic
 36419 | Snake:4  | Noticed a nagaraja
 36627 | Snake:4  | Reached skill level 6 in Long Blades
 36778 | Snake:4  | Reached skill level 6 in Shields
 36834 | Snake:4  | Killed a nagaraja
 36834 | Snake:4  | Reached XP level 17. HP: 140/159 MP: 33/33
 36892 | Snake:4  | Got a serpentine rune of Zot
 37193 | Snake:4  | Reached skill level 10 in Ice Magic
 37193 | Snake:4  | Reached skill level 7 in Air Magic
 37691 | Snake:4  | Reached skill level 7 in Long Blades
 38524 | Shoals:1 | Entered Level 1 of the Shoals
 38530 | Shoals:1 | Noticed Nikola
 38536 | Lair:4   | Reached skill level 7 in Shields
 38923 | Shoals:1 | Killed Nikola
 38923 | Shoals:1 | Reached skill level 11 in Ice Magic
 38923 | Shoals:1 | Reached skill level 8 in Air Magic
 39096 | Shoals:1 | Noticed Donald
 39109 | Shoals:1 | Killed Donald
 39168 | Shoals:1 | Noticed Jorgrun
 39175 | Shoals:1 | Killed Jorgrun
 39176 | Shoals:1 | Reached skill level 8 in Long Blades
 39257 | Shoals:1 | Reached skill level 8 in Shields
 39645 | Shoals:1 | Reached XP level 18. HP: 168/168 MP: 27/34
 39851 | Shoals:2 | HP: 14/168 [tentacle[a kraken] (19)]
 40933 | Shoals:2 | Reached skill level 9 in Shields
 41017 | Shoals:2 | Reached skill level 9 in Long Blades
 41627 | Shoals:3 | Found Qaigayto's Magic Scroll Emporium.
 41635 | Shoals:3 | Bought a scroll of blinking for 127 gold pieces
 41857 | Shoals:3 | Reached skill level 12 in Ice Magic
 41871 | Shoals:3 | HP: 15/168 [faun/+0 vampiric spear[a satyr] (4)]
 41877 | Shoals:3 | HP: 12/168 [merfolk impaler/+1 trident of pain (7)]
 42251 | Shoals:3 | Found Erec's Armour Shoppe.
 42445 | Shoals:4 | Entered Level 4 of the Shoals
 42461 | Shoals:4 | Reached skill level 10 in Long Blades
 42574 | Shoals:4 | Reached skill level 9 in Air Magic
 42624 | Shoals:4 | Identified the Incunabulum of Ignition and Beguiling
 42635 | Shoals:4 | Noticed Polyphemus
 42644 | Shoals:4 | Killed Polyphemus
 43223 | Shoals:4 | Reached skill level 11 in Long Blades
 43261 | Shoals:4 | Identified Haumer's Catalogue of the Glacier and Curses
 43361 | Shoals:4 | Got a faintly glowing falchion
 43362 | Shoals:4 | Identified the +9 falchion of Ascent {venom, Str+5 Int+3}
                  | (You found it on level 4 of the Shoals)
 43514 | Shoals:4 | Got a barnacled rune of Zot
 43852 | D:13     | Killed Azrael
 43858 | D:13     | Reached XP level 19. HP: 86/175 MP: 11/35
 44026 | D:13     | Found a shimmering altar of Xom.
 44251 | D:13     | Identified Woiruh's Volume of Igneous Attacks
 44440 | D:14     | Found a sparkling altar of Nemelex Xobeh.
 44442 | D:14     | Noticed Louise
 44461 | D:14     | Killed Louise
 44463 | D:14     | Reached skill level 10 in Air Magic
 44558 | D:14     | Found a runed translucent door.
 44558 | D:14     | Noticed Cown's ghost (journeyman TrHu)
 44686 | D:14     | Reached skill level 12 in Long Blades
 44888 | D:14     | Noticed Josephine
 44895 | D:14     | Killed Josephine
 45102 | D:14     | Found a gate to the Vaults.
 45256 | D:14     | Killed Cown's ghost
 45417 | D:15     | Entered Level 15 of the Dungeon
 45426 | D:15     | You are cast into the Abyss!
 45426 | D:15     | Cast into level 2 of the Abyss (wight)
 45477 | Abyss:2  | Got a pitted cloak
 45594 | Abyss:4  | Got a brightly glowing leather armour
 45692 | Abyss:4  | Found a shimmering blue altar of Sif Muna.
 45786 | Abyss:4  | HP: 9/157 [merfolk javelineer/javelin (24)]
 45787 | Abyss:4  | HP: 3/157 [merfolk javelineer/javelin (16)]
 45788 | Abyss:4  | Killed from afar by a raiju

Vanquished Creatures
  Nikola (Shoals:1)
  Jorgrun (Shoals:1)
  Polyphemus (Shoals:4)
  Gastronok (Lair:1)
  2 krakens (Shoals:2)
  A tentacled starspawn (Abyss:4)
  Donald (Shoals:1)
  12 nagarajas
  A deep elf sorcerer (Abyss:2)
  Louise (D:14)
  An orc warlord (Orc:2)
  The ghost of Cown the Bludgeoner, a journeyman TrHu of Yredelemnul (D:14)
  Azrael (D:13)
  3 merfolk javelineers (Shoals:4)
  Josephine (D:14)
  A green death (Abyss:4)
  7 merfolk impalers
  A vault guard (D:14)
  34 naga warriors
  3 hydras
  4 two-headed ogres
  5 anacondas
  5 catoblepae
  6 merfolk avatars
  4 merfolk aquamancers
  A centaur warrior (D:14)
  11 death yaks
  5 shock serpents
  13 naga sharpshooters
  A satyr (Shoals:3)
  Sonja (Lair:6)
  5 orc high priests (Orc:2)
  A wretched star (Abyss:4)
  5 sea snakes
  A salamander mystic (Snake:3)
  A spatial maelstrom (Abyss:4)
  A glowing orange brain (Abyss:4)
  8 naga ritualists
  3 orc knights (Orc:2)
  2 wolf spider zombies (D:14)
  8 ugly things
  27 harpies
  18 manticores
  7 mana vipers
  3 orc sorcerers (Orc:2)
  11 fauns
  27 black mambas
  4 elephants (Lair:4)
  10 salamanders
  9 merfolk sirens
  4 cyclopes
  5 water nymphs
  2 centaur zombies (D:14)
  21 naga magi
  7 guardian serpents
  9 spiny frogs
  An apocalypse crab (Abyss:4)
  A kobold demonologist (D:14)
  5 komodo dragons
  4 rime drakes
  2 gargoyles (D:12)
  An efreet (Abyss:4)
  A freezing wraith (D:14)
  A redback zombie (D:14)
  An ancient zyme (Abyss:2)
  9 trolls
  4 red devils (D:14)
  A hornet (D:11)
  18 merfolk
  2 polar bears
  Prince Ribbit (D:6)
  2 wind drakes (Shoals:2)
  4 raiju (Abyss:4)
  13 blink frogs
  A large abomination (Abyss:2)
  12 dream sheep
  13 snapping turtles
  7 hippogriffs
  2 shadows
  3 wyverns
  10 humans (D:14)
  4 wraiths (D:14)
  69 yaks
  A yak (shapeshifter) (D:13)
  13 water elementals
  4 basilisks
  3 hungry ghosts
  2 fire elementals (D:13)
  9 wargs
  71 nagas
  3 hell hounds (D:13)
  An acid dragon (D:14)
  11 water moccasins
  37 orc warriors
  12 porcupines
  3 ice beasts
  A sky beast (D:9)
  2 black bears
  An eye of draining (D:12)
  10 centaurs
  20 ogres
  10 wolves
  8 crocodiles
  5 big kobolds
  11 bullfrogs
  A wyvern skeleton (D:14)
  3 scorpions
  9 killer bees
  An electric eel (Orc:1)
  4 howler monkeys
  6 crimson imps
  3 bullfrog zombies
  6 hounds
  2 quasits
  23 orc wizards
  3 bullfrog skeletons
  29 orc priests
  An iron imp (Abyss:2)
  5 jellies
  4 worker ants
  A killer bee zombie (D:8)
  A hound zombie (D:5)
  2 howler monkey skeletons
  4 gnolls
  18 adders
  3 river rats (Sewer)
  A shadow imp (D:10)
  2 adder zombies
  A dart slug (D:2)
  8 worms
  6 leopard geckos
  112 orcs
  3 giant cockroaches
  5 goblins
  10 hobgoblins
  13 jackals
  22 kobolds
  4 quokkas
  4 ball pythons
  12 bats
  6 frilled lizards
  A jackal skeleton (D:5)
  A leopard gecko zombie (D:9)
  9 rats
  A bush (Lair:1)
  A fungus (Lair:6)
  3 plants
  5 tentacles (Shoals:2)
  A withered plant (Shoals:1)
1120 creatures vanquished.

Vanquished Creatures (others)
  A satyr (Abyss:4)
  A naga sharpshooter (Snake:4)
  A harpy (Shoals:1)
  A cyclops (Shoals:4)
  2 merfolk (Shoals:4)
  A human (D:14)
  A naga (Snake:3)
  A centaur (D:11)
  An orc (Orc:2)
  2 bushes (Abyss:2)
  4 fungi
  26 plants
  3 starspawn tentacles (Abyss:4)
  12 tentacles (Shoals:2)
57 creatures vanquished.

Grand Total: 1177 creatures vanquished

Table legend:
 A = Turns spent in this place as a percentage of turns spent in the entire game.
 B = Non-inter-level travel turns spent in this place as a percentage of non-inter-level travel turns spent in the entire game.
 C = Inter-level travel turns spent in this place as a percentage of turns spent in this place.
 D = Turns resting spent in this place as a percentage of non-inter-level travel turns spent in this place.
 E = Turns spent auto-exploring this place as a percentage of non-inter-level travel turns spent in this place.
 F = Non-inter-level travel turns spent in this place divided by the number of levels of this place that you've seen.
                   A       B       C       D       E      F
               +-------+-------+-------+-------+-------+----------------------
         Total | 100.0 | 100.0 |   7.0 |  39.2 |  30.6 | 1216.6
       Dungeon |  35.5 |  35.7 |   6.5 |  34.8 |  42.1 | 1013.7
          Lair |  21.6 |  20.4 |  12.4 |  36.4 |  41.9 | 1446.2
        Shoals |   9.8 |   9.9 |   6.3 |  39.7 |  18.2 | 1053.8
     Snake Pit |  18.1 |  18.1 |   6.9 |  41.9 |  17.8 | 1927.5
  Orcish Mines |  12.8 |  13.6 |   1.2 |  52.8 |  12.9 | 2897.0
         Abyss |   0.8 |   0.9 |   0.0 |   0.0 |   0.0 | 120.7
         Sewer |   1.3 |   1.5 |   0.0 |  44.3 |  14.7 | 618.0
               +-------+-------+-------+-------+-------+----------------------

Table legend:
 A = Non-vault XP
 B = Vault XP
 C = Vault XP percentage of total XP
 D = Non-vault monster count
 E = Vault monster count
 F = Vault count percentage of total count
                 A         B        C        D         E       F
            +---------+---------+-------+---------+---------+-------
      Total |  191719 |  155744 |  44.8 |     715 |     403 |  36.0
            +---------+---------+-------+---------+---------+-------
        D:1 |      69 |       0 |   0.0 |      33 |       0 |   0.0
        D:2 |      81 |       5 |   5.8 |      22 |       1 |   4.3
        D:3 |     200 |       3 |   1.5 |      25 |       2 |   7.4
        D:4 |     312 |      40 |  11.4 |      20 |       1 |   4.8
        D:5 |     268 |       0 |   0.0 |      15 |       0 |   0.0
        D:6 |     999 |     283 |  22.1 |      24 |       1 |   4.0
        D:7 |     608 |     118 |  16.3 |      10 |       1 |   9.1
        D:8 |     924 |       0 |   0.0 |      26 |       0 |   0.0
        D:9 |    1855 |       0 |   0.0 |      15 |       0 |   0.0
       D:10 |    3271 |       0 |   0.0 |      22 |       0 |   0.0
       D:11 |    6248 |     223 |   3.4 |      39 |       1 |   2.5
       D:12 |    5650 |       0 |   0.0 |      34 |       0 |   0.0
       D:13 |     455 |    2939 |  86.6 |       6 |       8 |  57.1
       D:14 |    9744 |    9379 |  49.0 |      31 |      22 |  41.5
       D:15 |     136 |       0 |   0.0 |       3 |       0 |   0.0
     Lair:1 |    1511 |    3362 |  69.0 |       5 |       7 |  58.3
     Lair:2 |    8089 |       0 |   0.0 |      38 |       0 |   0.0
     Lair:3 |    3593 |       0 |   0.0 |      13 |       0 |   0.0
     Lair:4 |    5571 |    2008 |  26.5 |      16 |      11 |  40.7
     Lair:5 |    2801 |       0 |   0.0 |      16 |       0 |   0.0
     Lair:6 |   11238 |   12567 |  52.8 |      37 |      28 |  43.1
   Shoals:1 |   18541 |   11550 |  38.4 |      36 |       9 |  20.0
   Shoals:2 |   16727 |       0 |   0.0 |      31 |       0 |   0.0
   Shoals:3 |   19052 |       0 |   0.0 |      34 |       0 |   0.0
   Shoals:4 |    7980 |   22224 |  73.6 |      17 |      35 |  67.3
    Snake:1 |    9250 |    1781 |  16.1 |      20 |       3 |  13.0
    Snake:2 |    4733 |       0 |   0.0 |      10 |       0 |   0.0
    Snake:3 |   15908 |       0 |   0.0 |      32 |       0 |   0.0
    Snake:4 |   28202 |   66380 |  70.2 |      59 |      96 |  61.9
      Orc:1 |    1174 |    1184 |  50.2 |      13 |      19 |  59.4
      Orc:2 |       0 |   17160 | 100.0 |       0 |     135 | 100.0
    Abyss:2 |    2598 |       0 |   0.0 |       5 |       0 |   0.0
    Abyss:4 |    3931 |    4223 |  51.8 |       8 |       4 |  33.3
      Sewer |       0 |     315 | 100.0 |       0 |      19 | 100.0
            +---------+---------+-------+---------+---------+-------
